 Dungeon Crawl Stone Soup version 0.26-a0-154-g3d63440f56 (webtiles) character file.

Game seed: 959254987687442214

121 Flugslaktarn the Chiller (level 5, 0/24 HPs)
             Began as a Vine Stalker Ice Elementalist on July 1, 2020.
             Slain by airwow's ghost (7 damage)
             ... on level 4 of the Dungeon.
             The game lasted 00:03:48 (762 turns).

Flugslaktarn the Chiller (VSIE)                      Turns: 762, Time: 00:03:49

Health: 0/24       AC:  2    Str: 10    XL:     5   Next: 5%
Magic:  0/11       EV: 12    Int: 16    God:
Gold:   32         SH:  0    Dex: 15    Spells: 3/11 levels left

rFire    . . .     SeeInvis .   m - -2 war axe (curse)
rCold    . . .     Faith    .   (no shield)
rNeg     . . .     Spirit   +   a - +0 robe
rPois    .         Reflect  .   (no helmet)
rElec    .         Harm     .   (no cloak)
rCorr    .                      (no gloves)
MR       .....                  (no boots)
Stlth    ++........             (no amulet)
HPRegen  0.48/turn              (no ring)
MPRegen  0.12/turn              (no ring)

@: frozen ramparts
A: fangs 2, regeneration 1, magic shield, antimagic bite, no potion heal 3, rot
immunity
a: no special abilities


You were on level 4 of the Dungeon.
You were not hungry.

You visited 1 branch of the dungeon, and saw 4 of its levels.

You collected 32 gold pieces.

Inventory:

Hand Weapons
 b - a +0 dagger
   (You found it on level 1 of the Dungeon)
 d - a +2 vampiric hand axe
   (You found it on level 1 of the Dungeon)
 g - a +0 arbalest
   (You found it on level 3 of the Dungeon)
 m - a cursed -2 war axe (weapon)
   (You found it on level 4 of the Dungeon)
 n - a +2 flail of protection
   (You took it off an orc on level 4 of the Dungeon)
Missiles
 j - 6 boomerangs (quivered)
 l - 17 poisoned darts
Armour
 a - a +0 robe (worn)
 i - a +0 ring mail
   (You found it on level 2 of the Dungeon)
Scrolls
 e - a scroll of immolation {unknown}
Potions
 f - a potion of stabbing {unknown}
 h - a potion of berserk rage {unknown}
 k - a potion of curing {unknown}
Comestibles
 c - 4 rations


   Skills:
 - Level 1.5 Dodging
 - Level 2.4 Stealth
 + Level 3.9 Spellcasting
 + Level 5.2 Ice Magic


You had 3 spell levels left.
You knew the following spells:

 Your Spells              Type           Power        Failure   Level  Hunger
a - Freeze                Ice            ###.         1%          1    None
b - Frozen Ramparts       Ice            ###...       6%          3    ###....
d - Summon Ice Beast      Ice/Summ       ##......     50%         4    ####...

Your spell library contained the following spells:

 Spells                   Type           Power        Failure   Level  Hunger
 Ozocubu's Armour         Chrm/Ice       ##......     17%         3    ###....
 Hailstorm                Conj/Ice       ##......     50%         4    ####...


Dungeon Overview and Level Annotations

Branches:
Dungeon (4/15)
 Temple: D:4-7

Altars:

Annotations:
D:4 airwow's ghost, amateur FeMo


Innate Abilities, Weirdness & Mutations

You have extremely sharp teeth.
Your natural rate of healing is unusually fast.
When hurt, damage is shared between your health and your magic reserves.
Your bite disrupts and absorbs the magic of your enemies.
Potions cannot restore your health.
You are immune to rotting.


Message History

n - a +2 flail of protection The frozen ramparts melt away.
c - 4 rations (gained 1)
There is a stone staircase leading up here.
You climb upwards.
A bat comes into view.
There is a stone staircase leading down here.
You climb downwards.
There is a stone staircase leading up here.
An adder comes into view.
Found a plate armour.
Found a stone staircase leading down.
You see here a plate armour.
Found 10 gold pieces and a great sword.
Found a scroll labeled TELEHO XEFONIO.
Press: ? - help, v - describe, . - travel Some shallow water.
As you open the door, it creaks loudly!
Casting: Frozen Ramparts (quite dangerous; 6% risk of failure)
Confirm with . or Enter, or press ? or * to list all spells.
You can't see any susceptible monsters within range! (Use Z to cast anyway.)
Casting: Frozen Ramparts (quite dangerous; 6% risk of failure)
Confirm with . or Enter, or press ? or * to list all spells.
Okay, then.
Casting: Frozen Ramparts (quite dangerous; 6% risk of failure)
Confirm with . or Enter, or press ? or * to list all spells.
You don't know that spell.
Casting: Frozen Ramparts (quite dangerous; 6% risk of failure)
Confirm with . or Enter, or press ? or * to list all spells.
The spell is quite dangerous to cast (6% risk of failure)!
Continue anyway?
The walls around you are covered in ice.
The wall freezes airwow's ghost.
Unknown command.
You completely miss airwow's ghost.
Airwow's ghost is lightly damaged.
The wall freezes airwow's ghost.
Airwow's ghost hits you!
An ooze comes into view.
The wall freezes airwow's ghost.
Airwow's ghost hits you!
Ouch! That really hurt!
* * * LOW HITPOINT WARNING * * *
The wall freezes the ooze.
Unknown command.
Casting: Frozen Ramparts (quite dangerous; 6% risk of failure)
Confirm with . or Enter, or press ? or * to list all spells.
Aiming: Freeze (safe; 1% risk of failure)
Press: ? - help, Shift-Dir - straight line, f - airwow's ghost
Aim: airwow's ghost (heavily damaged)
You freeze airwow's ghost.
Airwow's ghost is severely damaged.
The wall freezes airwow's ghost.
Airwow's ghost hits you!
You die...

....... ..... ..?.. ...
# ).. # #J# # #.#
######## ########@#
#....... #.....#W.# ##
#.######
#$≈≈≈≈'..###....
#.#<....
#.....#.........
#.#....#
########.#######
#.#.##.. .......[.......
#.#.####
#####...#########.#.##..
........................
######..###.............


You could see airwow's ghost and an ooze.

Vanquished Creatures
  A scorpion (D:4)
  An orc wizard (D:3)
  A worm (D:3)
  7 orcs
  2 giant cockroaches (D:1)
  3 goblins
  2 hobgoblins
  4 jackals (D:3)
  3 kobolds
  A ball python (D:3)
  2 bats
  2 frilled lizards (D:1)
  A rat (D:1)
30 creatures vanquished.

Notes
Turn   | Place    | Note
-------+----------+-------------------------------------------
     0 | D:1      | Flugslaktarn the Vine Stalker Ice Elementalist began the
                  | quest for the Orb.
     0 | D:1      | Reached XP level 1. HP: 9/9 MP: 4/4
   141 | D:1      | Reached XP level 2. HP: 13/13 MP: 4/6
   356 | D:3      | Reached XP level 3. HP: 3/16 MP: 4/8
   361 | D:3      | Learned a level 3 spell: Frozen Ramparts
   520 | D:3      | Gained mutation: Your natural rate of healing is unusually
                  | fast. [Vine Stalker growth]
   520 | D:3      | Reached XP level 4. HP: 2/21 MP: 1/10
   636 | D:4      | Reached skill level 5 in Ice Magic
   636 | D:4      | Reached XP level 5. HP: 14/24 MP: 4/11
   670 | D:4      | Learned a level 4 spell: Summon Ice Beast
   752 | D:4      | Found a runed translucent door.
   753 | D:4      | Noticed airwow's ghost (amateur FeMo)
   762 | D:4      | Slain by airwow's ghost

Illustrated notes

Levels and vault maps discovered:
D:1:      lightli_arrival_flooded_house, layout_loops_ring, chequers_arboretum,
          nrook_campfire, chequers_jeans
D:2:      layout_basic, overflow_temple_1_default
D:3:      layout_loops_ring, chequers_ecumenical_altar_twisty
D:4:      layout_basic, old_standard_altar, ebering_ghost_reflecting_pool,
          first_ration

Skill      XL: |  1  2  3  4 |
---------------+-------------+-----
Spellcasting   | 3 |  3.9
Ice Magic      | 5 |  5.2
Dodging        | |  1.5
Stealth        | |  2.4

Action                   |  1- 3 |  4- 6 || total
-------------------------+-------+-------++-------
Melee: Dagger            |     6 |       ||     6
       Hand axe          |    16 |     6 ||    22
       Bite              |     8 |     2 ||    10
       War axe           |       |     2 ||     2
 Cast: Freeze            |    21 |     2 ||    23
       Frozen Ramparts   |     1 |     3 ||     4
 Stab: Sleeping          |     2 |       ||     2
Armor: Robe              |     9 |     2 ||    11
Dodge: Dodged            |    28 |     6 ||    34

Table legend:
 A = Non-vault XP
 B = Vault XP
 C = Vault XP percentage of total XP
 D = Non-vault monster count
 E = Vault monster count
 F = Vault count percentage of total count
                 A         B        C        D         E       F
            +---------+---------+-------+---------+---------+-------
      Total |     174 |       0 |   0.0 |      30 |       0 |   0.0
            +---------+---------+-------+---------+---------+-------
        D:1 |      16 |       0 |   0.0 |      10 |       0 |   0.0
        D:2 |       5 |       0 |   0.0 |       3 |       0 |   0.0
        D:3 |      70 |       0 |   0.0 |      13 |       0 |   0.0
        D:4 |      83 |       0 |   0.0 |       4 |       0 |   0.0
            +---------+---------+-------+---------+---------+-------
